 Dungeon Crawl Stone Soup version 0.29.1-2-gbd0b4ee654 (webtiles) character file.

Game seed: 17957342884977274500

146 zeram the Covert (level 5, 0/30 HPs)
             Began as a Kobold Brigand on Nov 21, 2022.
             Killed by nerve-wracking pain
             ... invoked by an orc priest
              (3 damage)
             ... on level 3 of the Dungeon.
             The game lasted 00:03:36 (3667 turns).

zeram the Covert (Kobold Brigand)                   Turns: 3667, Time: 00:03:37

Health: 0/30       AC:  3    Str:  8    XL:     5   Next: 53%
Magic:  5/5        EV: 14    Int: 14    God:
Gold:   159        SH:  0    Dex: 17    Spells: 4/4 levels left

rFire   . . .      SeeInvis .   a - +2 dagger
rCold   + . .      Faith    .   (no shield)
rNeg    + . .      Spirit   .   b - +0 robe
rPois   .          Reflect  .   (no helmet)
rElec   .          Harm     .   c - +0 cloak
rCorr   .          Rampage  .   (no gloves)
Will    .....                   (no boots)
Stlth   +++++.....              (no amulet)
HPRegen 0.10/turn               g - ring of protection from cold
MPRegen 0.09/turn               f - ring of positive energy

@: no status effects
A: small, no large weapons, nightstalker 3
a: no special abilities


You were on level 3 of the Dungeon.
You visited 1 branch of the dungeon, and saw 3 of its levels.

You collected 159 gold pieces.

Inventory:

Hand Weapons
 a - a +2 dagger (weapon)
Missiles
 d - 21 poisoned darts (quivered)
 e - 3 curare-tipped darts
Armour
 b - a +0 robe (worn)
 c - a +0 cloak (worn)
Jewellery
 f - a ring of positive energy (right hand)
 g - a ring of protection from cold (left hand)
Scrolls
 i - 2 scrolls of enchant weapon {unknown}
 k - 2 scrolls of silence
 l - 3 scrolls of fear
 n - a scroll of identify
 p - a scroll of teleportation {unknown}
Potions
 h - 2 potions of degeneration
 j - a potion of curing
 m - a potion of might {unknown}
 o - a potion of brilliance {unknown}


   Skills:
 - Level 2.1 Fighting
 + Level 4.1 Short Blades
 - Level 2.1 Throwing
 + Level 1.9 Dodging
 + Level 8.0 Stealth


You had 4 spell levels left.
You didn't know any spells.
Your spell library contained the following spells:

 Spells                   Type           Power      Damage    Failure   Level
 Poisonous Vapours        Pois/Air       0%         N/A       41%         2
 Corpse Rot               Necr/Pois/Air  0%         N/A       96%         4


Dungeon Overview and Level Annotations

Branches:
Dungeon (3/15)

Altars:
Elyvilon
Vehumet

Shops:
D:3 [


Innate Abilities, Weirdness & Mutations

You are small and have problems with some larger weapons.
You are completely attuned to the shadows.


Message History

The orc completely misses you.
You closely miss the orc.
The orc is severely wounded.
An orc priest comes into view. It is wielding a +0 short sword.
The orc closely misses you. The orc barely misses you. x2
You hit the orc.
You kill the orc!
The orc hits you but does no damage. The orc closely misses you.
You hit the orc.
The orc is almost dead.
You hit the orc.
You kill the orc!
The orc barely misses you.
You hit the orc.
The orc is severely wounded.
An orc comes into view. It is wielding a +0 hand axe.
The orc hits you with a +0 whip.
The orc shouts!
You hit the orc.
You kill the orc!
The orc priest hits you with a +0 short sword.
Unknown command.
You hit the orc priest but do no damage.
The orc priest hits you with a +0 short sword.
Unknown command.
You hit the orc priest.
The orc priest is lightly wounded.
Unknown command.
You closely miss the orc priest.
The orc priest is lightly wounded.
The orc priest mumbles some strange prayers to Beogh against you.
Beogh smites you!
* * * LOW HITPOINT WARNING * * *
You hit the orc priest but do no damage.
The orc priest is lightly wounded.
The orc hits you with a +0 hand axe.
* * * LOW HITPOINT WARNING * * *
The orc priest invokes the aid of Beogh against you.
Pain shoots through your body!
You die...

###.# .##.# ..#.#
##### [.#.#
##...## ..#†####
## ######.###.##
....#..#
#8###.....## ##.#
#####.##
....##....# #.#
#<# ##.)#..##.##
##.# #.#
#..o@.###..###.##
#####.##
##.o#####.#...##
#......#
....#.....##.##
#.###..##
###8##########.#
#.####..###.## #.#
#.#.......#†######
#####.###
#.#..#..#.#......#
#...)...#
.#...#..#.#......#
#.#####.#
###..............#
#.#####.#


You could see an orc priest and an orc.

Vanquished Creatures
  7 adders
  A worm (D:2)
  3 dart slugs
  9 orcs (D:3)
  7 ball pythons
  2 endoplasms
  7 goblins
  6 hobgoblins
  2 jackals (D:1)
  7 kobolds
  3 quokkas (D:3)
  2 bats (D:2)
  3 frilled lizards
  3 rats
62 creatures vanquished.

Notes
Turn   | Place    | Note
-------+----------+-------------------------------------------
     0 | D:1      | zeram the Kobold Brigand began the quest for the Orb.
     0 | D:1      | Reached XP level 1. HP: 12/12 MP: 1/1
   158 | D:1      | Found a faded altar of an unknown god.
   346 | D:1      | Reached XP level 2. HP: 17/17 MP: 2/2
   540 | D:1      | Reached skill level 6 in Stealth
  1167 | D:1      | Reached XP level 3. HP: 14/21 MP: 3/3
  1878 | D:2      | Reached skill level 7 in Stealth
  1895 | D:2      | Reached XP level 4. HP: 26/26 MP: 4/4
  2199 | D:2      | Found a white marble altar of Elyvilon.
  2520 | D:3      | Found a white marble altar of Elyvilon.
  2841 | D:3      | Reached XP level 5. HP: 28/30 MP: 5/5
  2875 | D:3      | Found Lyude's Antique Armour Boutique.
  3392 | D:3      | Found a radiant altar of Vehumet.
  3439 | D:3      | Reached skill level 8 in Stealth
  3667 | D:3      | Killed from afar by an orc priest

Illustrated notes

Levels and vault maps discovered:
D:1:      noname_arrival_rooms_in_the_neighbourhood, layout_loops_corners,
          serial_co_window_serial, co_window_corner_a, co_window_corner_a,
          co_window_paths_a, co_window_paths_a, co_window_of_opportunity_a,
          co_window_corner_a, co_window_corner_a, co_window_corner_ca,
          co_window_paths_c, co_window_corner_cb, co_window_corner_cb,
          co_window_unsneaky_path_c, co_window_paths_d,
          hellmonk_ecumenical_altar_zigzags
D:2:      layout_rooms, basic_altar, kennysheep_path_1
D:3:      layout_loops_cross, mainiacjoe_overflow_catwalk, vehumet_crystals,
          serial_shops, nicolae_diamond_shop, pf_guarded_unrand_meek

Skill      XL: |  1  2  3  4  5 |
---------------+----------------+-----
Stealth        | 6 7 8 |  8.0
Short Blades   | 3 4 |  4.1
Fighting       | |  2.1
Throwing       | |  2.1
Dodging        | |  1.9

Action                   |  1- 3 |  4- 6 || total
-------------------------+-------+-------++-------
Melee: Dagger            |    53 |   117 ||   170
       Punch             |     1 |     2 ||     3
  Use: Scroll            |     3 |     6 ||     9
 Stab: Sleeping          |    13 |    20 ||    33
       Distracted        |     1 |       ||     1
Armor: Robe              |     9 |     9 ||    18
Dodge: Dodged            |    27 |    55 ||    82
